 Dungeon Crawl Stone Soup version 0.31.0-12-g77e489cdc1 (webtiles) character file.

Game seed: 3616596485259268447

282 cdecastro the Changeling (level 6, -2/76 HPs)
             Began as a Draconian Shapeshifter on Feb 23, 2024.
             Was a Believer of Fedhas.
             Engulfed by a steam dragon's steam (9 damage)
             ... on level 5 of the Dungeon.
             The game lasted 00:04:36 (3125 turns).

cdecastro the Changeling (Draconian Shapeshifter)   Turns: 3125, Time: 00:04:36

Health: -2/76      AC: 23    Str: 16    XL:     6   Next: 6%
Magic:  6/6        EV:  2    Int: 10    God:    Fedhas [**....]
Gold:   204        SH:  0    Dex: 19    Spells: 5/5 levels left

rFire   . .          .
                       - Unarmed
rCold   . . .        p - orb {light}
rNeg    . . .        (body armour unavailable)
rPois   +            (helmet currently unavailable)
rElec   .            (cloak currently unavailable)
rCorr   .            (gloves currently unavailable)
SInv    .            (boots currently unavailable)
Will    .....        (no amulet)
Stlth   +            r - +6 ring of dexterity
HPRegen 0.32/turn    (no ring)
MPRegen 0.10/turn

%: no passive effects
@: tree-form, glowing
A: stationary, stasis, torment immunity, boosted hp, AC +6, unfitting armour,
(cold-blooded)
a: Renounce Religion, Wall of Briars


You were on level 5 of the Dungeon.
You worshipped Fedhas.
Fedhas was pleased with you.
You were a tree.
You visited 1 branch of the dungeon, and saw 5 of its levels.

You collected 204 gold pieces.

Inventory:

Armour
 n - a +0 pair of boots
 p - an orb of light (worn)
 w - a +0 pair of boots
Jewellery
 e - a ring of ice
 r - a +6 ring of dexterity (left branch)
 v - a ring of ice
Talismans
 b - a beast talisman
 c - a flux talisman
 h - a maw talisman
Scrolls
 d - 7 scrolls of identify {unknown}
 f - a scroll of amnesia {unknown}
 g - a scroll of acquirement {unknown}
 i - a scroll of revelation {unknown}
 j - 3 scrolls of teleportation {unknown}
 l - 2 scrolls of enchant armour {unknown}
 m - a scroll of blinking {unknown}
 o - a scroll of noise {unknown}
 q - a scroll of torment {unknown}
Potions
 k - a potion of mutation {unknown}
 s - a potion of resistance {unknown}
 t - a potion of heal wounds {unknown}
 u - 2 potions of curing {unknown}
 x - a potion of degeneration {unknown}


   Skills:
 + Level 3.5 Fighting
 - Level 1.7 Dodging
 - Level 3.6 Unarmed Combat
 * Level 5.3 Shapeshifting


You had 5 spell levels left.
You didn't know any spells.
Your spell library contained the following spells:

 Spells                   Type           Power      Damage    Failure   Level
 Apportation              Tloc           0%         N/A       36%         1
 Magic Dart               Conj           0%         1d3       36%         1
 Necrotise                Necr           0%         1d4       36%         1
 Sting                    Conj/Alch      0%         1d3       36%         1
 Summon Small Mammal      Summ           0%         N/A       36%         1
 Searing Ray              Conj           0%         2d4       50%         2
 Fulminant Prism          Conj/Alch      0%         3d5       98%         4


Dungeon Overview and Level Annotations

Branches:
Dungeon (5/15)
 Temple: D:4-7

Altars:
Fedhas
Okawaru
Zin


Innate Abilities, Weirdness & Mutations

You are a tree.
Your roots penetrate the ground, keeping you stationary.
You cannot be teleported.
You are immune to unholy pain and torment.
Your maximum health is greatly increased.
Your equipment is partially melded.
((Your plain brown scales are hard. (AC +6)))
You cannot fit into any form of body armour.
((You are cold-blooded and may be slowed by cold attacks.))


Message History

You tail-slap the steam dragon.
The steam dragon is lightly wounded.
The steam dragon breathes steam at you. The ball of steam hits you!
You hit the steam dragon. You tail-slap the steam dragon.
The steam dragon is heavily wounded.
The steam dragon closely misses you. The steam dragon barely misses you.
The steam dragon bites you. The steam dragon claws you.
You hit the steam dragon but do no damage.
The steam dragon is heavily wounded.
The steam dragon breathes steam at you. The ball of steam misses you.
The steam dragon bites you.
* * * LOW HITPOINT WARNING * * *
The steam dragon misses you.
You hit the steam dragon but do no damage.
The steam dragon is heavily wounded.
The steam dragon breathes steam at you. The ball of steam hits you!
* * * LOW HITPOINT WARNING * * *
Okay, then.
Your transformation has ended.
You turn into a tree.
Your roots penetrate the ground.
You are engulfed in a cloud of scalding steam.
* * * LOW HITPOINT WARNING * * *
The steam dragon bites you but does no damage.
The steam dragon claws you but does no damage.
Unknown command.
Unknown command.
You smack the steam dragon!
The steam dragon is almost dead.
You are engulfed in a cloud of scalding steam.
The steam dragon barely misses you. The steam dragon claws you.
* * * LOW HITPOINT WARNING * * *
Unknown command.
You hit the steam dragon but do no damage.
The steam dragon is almost dead.
You are engulfed in a cloud of scalding steam.
You die...
Fedhas appreciates your contribution to the ecosystem.

#. ..# #. #.# ##
##.#####.##
#.##.........#
........##..#
#...#..##..#
#....>##..########
#......§..§......#
#.....D♣§§######.#
#.##.####.# #.#
#.##.####.# #.#
#.........# #.#
####'###### #.#
##...## #.# #
##..D..## ###.##
#.#.......## ##.#..#
#..........####...#.#


You could see a steam dragon.

Vanquished Creatures
  An ogre (D:3)
  2 hounds (D:4)
  An iguana (D:4)
  A gnoll (D:3)
  2 adders (D:2)
  3 dart slugs
  3 ribbon worms
  5 orcs
  5 ball pythons
  5 endoplasms
  2 giant cockroaches
  9 goblins
  7 hobgoblins
  2 quokkas (D:2)
  2 bats
  4 frilled lizards
  8 kobolds
  4 rats
66 creatures vanquished.

Notes
Turn   | Place    | Note
-------+----------+-------------------------------------------
     0 | D:1      | cdecastro the Draconian Shapeshifter began the quest for
                  | the Orb.
     0 | D:1      | Reached XP level 1. HP: 16/16 MP: 1/1
   252 | D:1      | Reached XP level 2. HP: 23/23 MP: 2/2
   360 | D:1      | Found a faded altar of an unknown god.
   403 | D:1      | Prayed at the altar of an unknown god.
   403 | D:1      | Became a worshipper of Fedhas Madash
   403 | D:1      | Reached * piety under Fedhas
   832 | D:2      | Reached XP level 3. HP: 25/28 MP: 3/3
  1287 | D:3      | Reached XP level 4. HP: 36/36 MP: 4/4
  1301 | D:3      | Found a glowing silver altar of Zin.
  1301 | D:3      | Found an iron altar of Okawaru.
  1304 | D:3      | Reached ** piety under Fedhas
  1309 | D:3      | Reached skill level 4 in Shapeshifting
  1565 | D:3      | Noticed an ogre
  1987 | D:3      | Killed an ogre
  1988 | D:3      | Reached XP level 5. HP: 45/45 MP: 5/5
  2658 | D:4      | Reached skill level 5 in Shapeshifting
  2849 | D:4      | Reached XP level 6. HP: 24/51 MP: 6/6
  3029 | D:5      | Entered Level 5 of the Dungeon
  3095 | D:5      | Noticed a steam dragon
  3125 | D:5      | Engulfed by a steam dragon's steam

Illustrated notes

Levels and vault maps discovered:
D:1:      psy_arrival_spokes, layout_basic, hellmonk_ecumenical_altar_lost_god
D:2:      layout_rooms
D:3:      layout_basic, jmf_multi_god_temple
D:4:      layout_basic, st_stairs_7
D:5:      layout_loops_corners, item_on_display_a, uniq_prince_ribbit1,
          uniq_sigmund, uniq_pikel

Skill      XL: |  1  2  3  4  5 |
---------------+----------------+-----
Fighting       | 2 3 |  3.5
Shapeshifting  | 4 5 |  5.3
Dodging        | |  1.7
Unarmed Combat | |  3.6

Action                     |  1- 3 |  4- 6 || total
---------------------------+-------+-------++-------
  Melee: Unarmed           |    99 |    71 ||   170
         Tailslap          |    13 |     8 ||    21
         Punch             |     3 |     2 ||     5
    Use: Potion            |       |     2 ||     2
   Stab: Sleeping          |     2 |     2 ||     4
 Armour: Skin              |    39 |    52 ||    91
  Dodge: Dodged            |    49 |    43 ||    92
